 Dungeon Sprint DCSS version 0.27-a0-808-g60bc5d92e6 (webtiles) character file.

Game seed: 6588374330052988689

309 mhtbhm the Cudgeller (level 6, -14/102 HPs)
             Began as a Troll Berserker on Mar 29, 2021.
             Was an Elder of Trog.
             Demolished by a two-headed ogre
             ... wielding a +0 giant club
              (15 damage)
             ... in the Dungeon (Sprint IX: "|||||||||||||||||||||||||||||").
             The game lasted 00:00:29 (274 turns).

mhtbhm the Cudgeller (Troll Berserker)               Turns: 274, Time: 00:00:30

Health: -14/102    AC:  4    Str: 28    XL:     6   Next: 17%
Magic:  5/5        EV: 14    Int:  3    God:    Trog [****..]
Gold:   0          SH:  0    Dex: 12    Spells: 5/5 levels left

rFire    . . .     SeeInvis .   a - +2 dire flail (drain)
rCold    . . .     Faith    .   (shield currently unavailable)
rNeg     . . .     Spirit   .   b - +0 animal skin
rPois    .         Reflect  .   (helmet restricted)
rElec    .         Harm     .   (no cloak)
rCorr    .         Rampage  .   (gloves unavailable)
Will     .....     NoTele   +   (boots unavailable)
Stlth    ..........             (no amulet)
HPRegen  1.27/turn              l - +3 ring of dexterity
MPRegen  0.09/turn              k - +2 ring of evasion

@: berserking (expiring), slowed
A: large, unfitting armour, claws 3, regeneration 1, shaggy fur 1, tough skin 1
a: Renounce Religion, Berserk, Trog's Hand, Brothers in Arms


You were in the Dungeon.
You worshipped Trog.
Trog was greatly pleased with you.
You visited 1 branch

Inventory:

Hand Weapons
 a - a +2 dire flail of draining (weapon)
Armour
 b - a +0 animal skin (worn)
Jewellery
 k - a +2 ring of evasion (right claw)
 l - a +3 ring of dexterity (left claw)
Wands
 j - a wand of iceblast (10)
Scrolls
 h - 2 scrolls of blinking
Potions
 c - 5 potions of curing
 d - 3 potions of heal wounds
 e - a potion of haste
 f - 4 potions of magic
 g - a potion of berserk rage
 i - a potion of invisibility


   Skills:
 + Level 6.6 Fighting
 + Level 7.9 Maces & Flails
 + Level 6.5 Dodging


You had 5 spell levels left.
You didn't know any spells.
Your spell library was empty.

Dungeon Overview and Level Annotations

Branches:
Dungeon (1/1)

Altars:
Cheibriados
Dithmenos
Elyvilon
Fedhas
Gozag
Hepliaklqana
Kikubaaqudgha
Makhleb
Nemelex Xobeh
Okawaru
Qazlal
Ru
Sif Muna
Trog
Uskayaw
Vehumet
Wu Jian
Xom
Yredelemnul
Zin
The Shining One
Beogh
Jiyva
Lugonu


Innate Abilities, Weirdness & Mutations

You are too large for most types of armour.
You have claws for hands.
Your natural rate of healing is unusually fast.
You are covered in fur. (AC +1)
You have tough skin. (AC +1)


Message History

The wraith hits you.
You sock the wraith!
You destroy the wraith!
Trog accepts your kill.
You can now call in reinforcements.
Your Fighting skill increases to level 6!
Your Maces & Flails skill increases to level 7!
Your Dodging skill increases to level 6!
You have reached level 6!
Your experience leads to an increase in your attributes!
Your base attributes are Str 26, Int 3, Dex 9.
Increase (S)trength, (I)ntelligence, or (D)exterity?
You feel stronger. x2
Unknown command.
You barely miss the two-headed ogre.
The two-headed ogre hits you with a +0 giant club!
The two-headed ogre completely misses you.
You barely miss the two-headed ogre. The two-headed ogre misses you.
The two-headed ogre hits you with a +0 giant spiked club!!
You are too injured to fight recklessly!
You are too injured to fight recklessly!
You are too injured to fight recklessly!
You are too injured to fight recklessly!
You are too injured to fight recklessly!
You are too injured to fight recklessly!
You are too injured to fight recklessly!
You are too injured to fight recklessly!
You are too injured to fight recklessly!
You are too injured to fight recklessly!
You hit the two-headed ogre. You drain the two-headed ogre.
The two-headed ogre is lightly wounded.
The two-headed ogre hits you with a +0 giant club!
* * * LOW HITPOINT WARNING * * *
The two-headed ogre hits you with a +0 giant spiked club!
* * * LOW HITPOINT WARNING * * *
You thump the two-headed ogre! You drain the two-headed ogre.
The two-headed ogre is heavily wounded.
The two-headed ogre hits you with a +0 giant club!
* * * LOW HITPOINT WARNING * * *
The two-headed ogre hits you with a +0 giant spiked club!
You die... ▓▓▓▓▓▓▓▓▓▓▓▓▓▓▓▓▓▓▓▓▓▓▓▓ _______'.?).[[[.@OOY9Z.. ▓▓▓▓▓▓▓▓▓▓▓▓▓▓▓▓▓▓▓▓▓▓▓▓

You could see 2 two-headed ogres, a yak, a gargoyle and a giant cockroach zombie.

Vanquished Creatures
  A wraith (D)
  A black bear (D)
  A hound (D)
  A jelly (D)
  An adder (D)
  A giant cockroach (D)
  2 kobolds (D)
  A quokka (D)
  2 rats (D)
11 creatures vanquished.

Notes
Turn   | Place    | Note
-------+----------+-------------------------------------------
     0 | D        | mhtbhm the Troll Berserker began the quest for the Orb.
     0 | D        | Reached XP level 1. HP: 22/22 MP: 0/0
     8 | D        | Reached skill level 3 in Maces & Flails
     8 | D        | Reached ** piety under Trog
   148 | D        | Noticed a black bear
   148 | D        | Noticed a jelly
   148 | D        | Noticed a hound
   155 | D        | Killed a black bear
   156 | D        | Reached skill level 5 in Maces & Flails
   156 | D        | Reached XP level 2. HP: 33/33 MP: 1/1
   156 | D        | Reached XP level 3. HP: 40/40 MP: 2/2
   156 | D        | Reached XP level 4. HP: 49/49 MP: 3/3
   157 | D        | Reached *** piety under Trog
   158 | D        | Reached skill level 5 in Fighting
   158 | D        | Reached skill level 5 in Dodging
   160 | D        | Reached skill level 6 in Maces & Flails
   164 | D        | Reached XP level 5. HP: 42/57 MP: 4/4
   215 | D        | Found a snail-covered altar of Cheibriados.
   215 | D        | Found a shadowy altar of Dithmenos.
   215 | D        | Found a white marble altar of Elyvilon.
   215 | D        | Found a blossoming altar of Fedhas.
   215 | D        | Found an opulent altar of Gozag.
   216 | D        | Found a hazy altar of Hepliaklqana.
   217 | D        | Found a viscous altar of Jiyva.
   218 | D        | Found an ancient bone altar of Kikubaaqudgha.
   219 | D        | Found a corrupted altar of Lugonu.
   220 | D        | Found a burning altar of Makhleb.
   221 | D        | Found a sparkling altar of Nemelex Xobeh.
   222 | D        | Found an iron altar of Okawaru.
   223 | D        | Found a stormy altar of Qazlal.
   224 | D        | Found a sacrificial altar of Ru.
   225 | D        | Found a shimmering blue altar of Sif Muna.
   226 | D        | Found a bloodstained altar of Trog.
   227 | D        | Found a hide-covered altar of Uskayaw.
   228 | D        | Found a radiant altar of Vehumet.
   229 | D        | Found an ornate altar of the Wu Jian Council.
   230 | D        | Found a shimmering altar of Xom.
   231 | D        | Found a basalt altar of Yredelemnul.
   232 | D        | Found a glowing silver altar of Zin.
   233 | D        | Found a glowing golden altar of the Shining One.
   262 | D        | Noticed a wraith
   262 | D        | Noticed a two-headed ogre
   262 | D        | Noticed a two-headed ogre
   262 | D        | Noticed a yak
   262 | D        | Noticed a gargoyle
   270 | D        | Killed a wraith
   270 | D        | Reached **** piety under Trog
   271 | D        | Reached skill level 7 in Maces & Flails
   271 | D        | Reached XP level 6. HP: 68/68 MP: 5/5
   274 | D        | HP: 1/102 [two-headed ogre/+0 giant club (17)]
   274 | D        | Demolished by a two-headed ogre

Illustrated notes

Levels and vault maps discovered:
D:        linesprint [early_d, line_temple, items_1, d_10, items_2, lair_1,
          lair_end, items_3, orc_1, orc_end, items_4, d_15, swamp_1, shoals_1,
          snake_1, spider_1, d_20, vaults_1, items_5, swamp_end, shoals_end,
          snake_end, spider_end, vaults_end, d_27, items_6, zot_1, zot_end,
          crypt_end, forest_end, elf_end, slime_end, tomb_end, abyss_end,
          pan_hell_end]

Skill      XL: |  1  2  3  4  5 |
---------------+----------------+-----
Maces & Flails | 5 6 7 |  7.9
Fighting       | 4 5 6 |  6.6
Dodging        | 4 5 6 |  6.5

Action                   |  1- 3 |  4- 6 || total
-------------------------+-------+-------++-------
Melee: Mace              |    12 |    12 ||    24
       Dire flail        |       |    11 ||    11
Invok: Berserk           |     2 |     1 ||     3
Armor: Animal skin       |     4 |       ||     4
Dodge: Dodged            |     9 |     8 ||    17

Table legend: (Time is in decaauts)
 A = Elapsed time spent in this place.
 B = Non-inter-level travel time spent in this place.
 C = Inter-level travel time spent in this place.
 D = Time resting spent in this place.
 E = Time spent auto-exploring this place.
 F = Levels seen in this place.
 G = Mean time per level.
                   A        B        C        D        E       F      G
               +--------+--------+--------+--------+--------+-----+--------+
         Total |    292 |    292 |      0 |    196 |      0 |   1 |  292.0 |
       Dungeon |    292 |    292 |      0 |    196 |      0 |   1 |  292.0 |
               +--------+--------+--------+--------+--------+-----+--------+

Top non-repeatable levels by time:
       D: 292 daAuts
